 Dungeon Sprint DCSS version 0.17-a0-1636-g3119f2b (webtiles) character file.

1463 Kidiri the Blocker (level 8, 0/75 HPs)
             Began as a Minotaur Fighter on Aug 6, 2015.
             Was a Priest of Okawaru.
             Slain by an orc warrior
             ... wielding a +0 hand axe
              (12 damage)
             ... in the Dungeon (Sprint IX: "|||||||||||||||||||||||||||||").
             The game lasted 00:01:57 (549 turns).

Kidiri the Blocker (Minotaur Fighter)                Turns: 549, Time: 00:01:57

Health: 0/75       AC: 15    Str: 24    XL:     8   Next: 48%
Magic:  10/10      EV: 13    Int:  5    God:    Okawaru [***...]
Gold:   0          SH: 13    Dex: 12    Spells: 0 memorised, 7 levels left

rFire  . . .     SeeInvis .     p - +1 broad axe (chop)
rCold  . . .     Clarity  .     r - +1 scale mail
rNeg   . . .     SustAt   .     c - +0 shield
rPois  .         Gourm    .     (helmet restricted)
rElec  .         Spirit   .     a - +0 cloak
rCorr  .         Warding  .     q - +0 pair of gloves
rMut   .         NoTele   +     (no boots)
MR     .....                    (no amulet)
Stlth  ..........               t - +2 ring of protection
                                s - +3 ring of dexterity

@: not resistant to hostile enchantments, extremely unstealthy
A: retaliatory headbutt, horns 2
a: Heroism, Renounce Religion


You were in the Dungeon.
You worshipped Okawaru.
Okawaru was most pleased with you.
You were not hungry.

You visited 1 branch

Inventory:

Hand weapons
 p - a +1 broad axe of chopping (weapon)
Armour
 a - a +0 cloak (worn)
 c - a +0 shield (worn)
 q - a +0 pair of gloves (worn)
 r - a +1 scale mail (worn)
Jewellery
 s - a +3 ring of dexterity (left hand)
 t - a +2 ring of protection (right hand)
Magical devices
 o - a wand of fire (7)
Scrolls
 k - 2 scrolls of blinking
 m - 3 scrolls of remove curse
 n - 2 scrolls of amnesia
Potions
 d - a potion of might
 f - 5 potions of curing
 g - 2 potions of heal wounds
 h - a potion of haste
 i - 4 potions of magic
 j - a potion of berserk rage
 l - a potion of invisibility
Comestibles
 e - a bread ration


   Skills:
 + Level 8.7 Fighting
 * Level 11.0 Axes
 * Level 11.3 Armour
 + Level 7.0 Dodging
 * Level 11.4 Shields
 + Level 5.0 Invocations


You had 7 spell levels left.
You didn't know any spells.

Dungeon Overview and Level Annotations

Branches:
Dungeon (1/1)

Altars:
Cheibriados
Dithmenos
Elyvilon
Fedhas
Gozag
Kikubaaqudgha
Makhleb
Nemelex Xobeh
Okawaru
Qazlal
Ru
Sif Muna
Trog
Vehumet
Xom
Yredelemnul
Zin
The Shining One
Beogh
Jiyva
Lugonu


Innate Abilities, Weirdness & Mutations

You reflexively headbutt those who attack you in melee.
You have a pair of horns on your head.


Message History

Your Dodging skill increases to level 7!
Your Shields skill increases to level 11!
Your Invocations skill increases to level 5!
You have reached level 8!
You feel stronger.
Drink which item? (? for menu, Esc to quit)
You feel much better.
The orc warrior hits you with a hand axe.
You hit the orc warrior but do no damage.
The orc warrior barely misses you.
You hit the orc warrior but do no damage.
You block the orc warrior's attack.
You hit the orc warrior. Your headbutt misses the orc warrior.
The orc warrior is lightly wounded.
The orc warrior hits you with a hand axe!
* * * LOW HITPOINT WARNING * * *
You barely miss the orc warrior. Your headbutt misses the orc warrior.
The orc warrior is lightly wounded.
The orc warrior hits you with a hand axe!
You die... ▓▓▓▓▓▓▓▓▓▓▓▓▓▓▓▓▓▓▓▓▓▓▓▓ ....oho@.....)[....)|..' ▓▓▓▓▓▓▓▓▓▓▓▓▓▓▓▓▓▓▓▓▓▓▓▓

You could see an orc warrior, a hound and an orc.

Vanquished Creatures
  A skeletal warrior (D)
  A troll (D)
  A deep elf mage (D)
  A soldier ant (D)
  An orc warrior (D)
  A phantom (D)
  An ice beast (D)
  2 scorpions (D)
  A killer bee (D)
  An iguana (D)
  2 giant geckos (D)
  A bat zombie (D)
  3 kobolds (D)
  A giant cockroach (D)
  A quokka skeleton (D)
19 creatures vanquished.

Notes
Turn   | Place    | Note
--------------------------------------------------------------
     0 | D        | Kidiri the Minotaur Fighter began the quest for the Orb.
     0 | D        | Reached XP level 1. HP: 19/19 MP: 0/0
    13 | D        | Reached skill level 4 in Shields
    18 | D        | Reached skill level 1 in Dodging
    39 | D        | Noticed a scorpion
    39 | D        | Noticed a scorpion
    39 | D        | Noticed a phantom
    44 | D        | Killed a scorpion
    44 | D        | Reached skill level 5 in Armour
    44 | D        | Reached skill level 5 in Shields
    44 | D        | Reached XP level 2. HP: 21/28 MP: 1/1
    44 | D        | Reached XP level 3. HP: 26/35 MP: 2/2
    49 | D        | Killed a scorpion
    49 | D        | Reached skill level 5 in Fighting
    49 | D        | Reached skill level 5 in Axes
    49 | D        | Reached skill level 6 in Armour
    49 | D        | Reached XP level 4. HP: 21/42 MP: 3/3
    67 | D        | Killed a phantom
    67 | D        | Reached skill level 7 in Axes
    67 | D        | Reached XP level 5. HP: 23/50 MP: 4/4
    74 | D        | Found a glowing silver altar of Zin.
    74 | D        | Found a glowing golden altar of the Shining One.
    74 | D        | Found an ancient bone altar of Kikubaaqudgha.
    74 | D        | Found a basalt altar of Yredelemnul.
    74 | D        | Found a shimmering altar of Xom.
    74 | D        | Found a radiant altar of Vehumet.
    75 | D        | Found an iron altar of Okawaru.
    76 | D        | Found a burning altar of Makhleb.
    77 | D        | Found a deep blue altar of Sif Muna.
    78 | D        | Found a bloodstained altar of Trog.
    79 | D        | Found a sparkling altar of Nemelex Xobeh.
    80 | D        | Found a white marble altar of Elyvilon.
    81 | D        | Found a roughly hewn altar of Beogh.
    82 | D        | Found a viscous altar of Jiyva.
    83 | D        | Became a worshipper of Warmaster Okawaru
    84 | D        | Found a corrupted altar of Lugonu.
    85 | D        | Found a blossoming altar of Fedhas.
    86 | D        | Found a snail-covered altar of Cheibriados.
    87 | D        | Found a shadowy altar of Dithmenos.
    88 | D        | Found a stormy altar of Qazlal.
    89 | D        | Found an opulent altar of Gozag.
    90 | D        | Found a sacrificial altar of Ru.
   234 | D        | Noticed a deep elf mage
   234 | D        | Noticed an iguana
   234 | D        | Noticed a killer bee
   234 | D        | Noticed an ice beast
   234 | D        | Noticed an orc warrior
   240 | D        | Killed an orc warrior
   240 | D        | Reached skill level 8 in Armour
   240 | D        | Reached skill level 1 in Invocations
   240 | D        | Reached XP level 6. HP: 37/58 MP: 4/6
   243 | D        | Killed an ice beast
   243 | D        | Reached skill level 5 in Dodging
   243 | D        | Reached skill level 9 in Shields
   248 | D        | Killed a killer bee
   249 | D        | Killed an iguana
   251 | D        | Killed a deep elf mage
   251 | D        | Acquired Okawaru's first power
   251 | D        | Reached XP level 7. HP: 17/66 MP: 5/8
   519 | D        | Noticed a hound
   519 | D        | Noticed a skeletal warrior
   519 | D        | Noticed an orc warrior
   519 | D        | Noticed a soldier ant
   519 | D        | Noticed a troll
   524 | D        | Killed a troll
   524 | D        | Reached skill level 10 in Armour
   524 | D        | Reached skill level 10 in Shields
   532 | D        | Killed a soldier ant
   532 | D        | Reached skill level 10 in Axes
   542 | D        | HP: 2/68 [skeletal warrior/war axe (12)]
   544 | D        | Killed a skeletal warrior
   544 | D        | Reached skill level 11 in Axes
   544 | D        | Reached skill level 5 in Invocations
   544 | D        | Reached XP level 8. HP: 3/75 MP: 10/10
   549 | D        | Slain by an orc warrior

Vault maps used:
D:        linesprint

Action                   |  1- 3 |  4- 6 |  7- 9 || total
-------------------------+-------+-------+-------++-------
Melee: War axe           |    30 |     9 |       ||    39
       Broad axe         |       |    17 |    29 ||    46
  Use: Potion            |       |       |     1 ||     1
